[ AOE2 MATCH · #504535456 ]
UnrankedTeutons vs Malians
Player's team · WIN
Rival team · LOSS
[ REPLAY ANALYSIS · EXTRACTED FROM THE RECORDED GAME ]
Feudal
10:44
Castle
30:44
Imperial
—
| APM avg | 71.2 |
| APM peak | 139 |
| eAPM avg | 23.3 |
| Villagers / military | 62 / 49 |
Focus
⚔️ 36.6% · 🌾 63.4%
Spearman ×27 · Archer ×15 · Militia ×4 · Skirmisher ×3
Feudal
11:29
Castle
15:49
Imperial
—
| APM avg | 53.4 |
| APM peak | 142 |
| eAPM avg | 19.9 |
| Villagers / military | 48 / 27 |
Focus
⚔️ 33.1% · 🌾 66.9%
Knight ×14 · Scorpion ×6 · Monk ×5 · Mangonel ×2
Match map
Initial resources + every placement click. Lines = walls · curves = elevation contours. ◆ gold · ⬟ stone · ● berries · ✦ relic · ◌ wall gap
Your base· Open — unwalled flank
eduv's base· Open — unwalled flank
Smoothed initial terrain · ◌ = detected wall gap · hover for details
Inputs per minute
— UL_King_Kerotaros - - eduv
Build order — UL_King_Kerotaros
First 150 of 227 actions detected
| 0:01 | Queue | Villager (Male) |
| 0:01 | Queue | Villager (Male) |
| 0:03 | Build | House |
| 0:04 | Build | House |
| 0:15 | Queue | Villager (Male) |
| 0:17 | Queue | Villager (Male) |
| 1:27 | Queue | Villager (Male) |
| 1:39 | Queue | Villager (Male) |
| 1:57 | Research | Loom |
| 1:57 | Research | Loom |
| 2:16 | Build | Lumber Camp |
| 2:44 | Queue | Villager (Male) |
| 3:07 | Queue | Villager (Male) |
| 3:23 | Build | House |
| 3:25 | Queue | Villager (Male) |
| 3:39 | Queue | Villager (Male) |
| 4:07 | Build | House |
| 4:43 | Queue | Villager (Male) |
| 5:03 | Queue | Villager (Male) |
| 5:17 | Queue | Villager (Male) |
| 5:20 | Build | Mill |
| 5:32 | Build | Palisade Wall |
| 5:45 | Queue | Villager (Male) |
| 5:58 | Build | Palisade Wall |
| 6:00 | Build | Palisade Wall |
| 6:01 | Queue | Villager (Male) |
| 6:27 | Queue | Villager (Male) |
| 6:35 | Queue | Villager (Male) |
| 6:58 | Build | Barracks |
| 7:00 | Queue | Villager (Male) |
| 7:44 | Build | House |
| 8:02 | Queue | Villager (Male) |
| 8:23 | Build | House |
| 8:34 | Research | Feudal Age |
| 8:35 | Research | Feudal Age |
| 9:07 | Queue | Militia |
| 9:07 | Queue | Militia |
| 9:11 | Build | Mining Camp |
| 9:32 | Build | Outpost |
| 9:43 | Queue | Militia |
| 10:15 | Queue | Militia |
| 10:30 | Queue | Villager (Male) |
| 10:44 | Age | Feudal Age |
| 10:50 | Build | Archery Range |
| 11:12 | Queue | Villager (Male) |
| 11:15 | Build | Farm |
| 11:20 | Research | Man-at-Arms (upgrade) |
| 11:28 | Build | Outpost |
| 11:34 | Queue | Villager (Male) |
| 11:37 | Build | Farm |
| 11:55 | Queue | Villager (Male) |
| 12:13 | Queue | Skirmisher |
| 12:13 | Queue | Skirmisher |
| 12:16 | Queue | Villager (Male) |
| 12:18 | Build | Farm |
| 12:20 | Build | Farm |
| 12:31 | Build | House |
| 12:35 | Queue | Villager (Male) |
| 12:38 | Build | Farm |
| 12:40 | Build | Farm |
| 12:47 | Queue | Skirmisher |
| 12:55 | Build | Farm |
| 12:58 | Build | Farm |
| 12:59 | Build | Farm |
| 13:08 | Queue | Villager (Male) |
| 13:11 | Build | Farm |
| 13:12 | Build | Farm |
| 13:26 | Queue | Villager (Male) |
| 13:33 | Build | House |
| 13:34 | Build | House |
| 13:46 | Queue | Villager (Male) |
| 14:00 | Build | Watch Tower |
| 14:10 | Build | Mining Camp |
| 14:15 | Queue | Villager (Male) |
| 14:26 | Queue | Archer |
| 14:26 | Queue | Archer |
| 14:39 | Build | House |
| 14:44 | Queue | Villager (Male) |
| 14:59 | Research | Horse Collar |
| 15:00 | Research | Horse Collar |
| 15:03 | Queue | Villager (Male) |
| 15:27 | Build | Stone Wall |
| 15:28 | Build | Stone Wall |
| 15:29 | Build | Stone Wall |
| 15:30 | Build | Stone Wall |
| 15:35 | Queue | Archer |
| 15:37 | Queue | Villager (Male) |
| 15:42 | Queue | Spearman |
| 15:42 | Queue | Spearman |
| 15:47 | Queue | Villager (Male) |
| 15:57 | Queue | Spearman |
| 16:05 | Queue | Villager (Male) |
| 16:12 | Queue | Spearman |
| 16:21 | Queue | Archer |
| 16:22 | Build | House |
| 16:23 | Queue | Villager (Male) |
| 16:40 | Queue | Villager (Male) |
| 16:46 | Build | Blacksmith |
| 17:00 | Queue | Spearman |
| 17:07 | Queue | Villager (Male) |
| 17:30 | Build | House |
| 17:38 | Research | Forging |
| 17:38 | Research | Forging |
| 17:39 | Queue | Villager (Male) |
| 17:51 | Queue | Spearman |
| 17:51 | Queue | Spearman |
| 18:13 | Queue | Spearman |
| 18:13 | Queue | Spearman |
| 18:19 | Build | Farm |
| 18:32 | Build | House |
| 18:40 | Queue | Villager (Male) |
| 18:42 | Build | Barracks |
| 18:53 | Queue | Spearman |
| 19:01 | Queue | Archer |
| 19:01 | Queue | Archer |
| 19:10 | Research | Fletching |
| 19:10 | Research | Fletching |
| 19:14 | Build | Mill |
| 19:17 | Queue | Villager (Male) |
| 19:30 | Build | Watch Tower |
| 19:40 | Queue | Villager (Male) |
| 19:44 | Queue | Spearman |
| 19:44 | Queue | Spearman |
| 19:44 | Queue | Spearman |
| 19:44 | Queue | Spearman |
| 19:48 | Build | House |
| 19:59 | Build | Watch Tower |
| 20:03 | Research | Scale Mail Armor |
| 20:03 | Research | Scale Mail Armor |
| 20:05 | Queue | Villager (Male) |
| 20:05 | Queue | Villager (Male) |
| 20:07 | Build | Farm |
| 20:11 | Build | Farm |
| 20:30 | Queue | Archer |
| 20:30 | Queue | Archer |
| 20:31 | Queue | Villager (Male) |
| 20:34 | Build | Farm |
| 20:36 | Build | Farm |
| 20:42 | Queue | Villager (Male) |
| 20:52 | Queue | Archer |
| 21:00 | Queue | Villager (Male) |
| 21:10 | Build | House |
| 21:11 | Build | House |
| 21:13 | Build | House |
| 21:28 | Research | Wheelbarrow |
| 21:28 | Research | Wheelbarrow |
| 21:35 | Build | Stone Wall |
| 21:36 | Build | Stone Wall |
| 21:36 | Build | Stone Wall |
| 22:03 | Queue | Archer |
Build order — eduv
111 actions detected in the replay
| 0:02 | Queue | Villager (Male) |
| 0:04 | Build | House |
| 0:05 | Build | House |
| 0:25 | Queue | Villager (Male) |
| 0:25 | Queue | Villager (Male) |
| 0:25 | Queue | Villager (Male) |
| 1:42 | Queue | Villager (Male) |
| 1:42 | Queue | Villager (Male) |
| 1:58 | Queue | Villager (Male) |
| 1:58 | Queue | Villager (Male) |
| 2:16 | Queue | Villager (Male) |
| 2:16 | Queue | Villager (Male) |
| 2:18 | Build | Lumber Camp |
| 2:49 | Queue | Villager (Male) |
| 3:22 | Queue | Villager (Male) |
| 3:22 | Queue | Villager (Male) |
| 3:32 | Queue | Villager (Male) |
| 3:32 | Queue | Villager (Male) |
| 3:33 | Queue | Villager (Male) |
| 3:41 | Build | House |
| 4:36 | Queue | Villager (Male) |
| 4:36 | Queue | Villager (Male) |
| 5:01 | Queue | Villager (Male) |
| 5:02 | Queue | Villager (Male) |
| 5:02 | Queue | Villager (Male) |
| 5:59 | Queue | Villager (Male) |
| 5:59 | Queue | Villager (Male) |
| 5:59 | Queue | Villager (Male) |
| 6:42 | Research | Loom |
| 6:49 | Queue | Villager (Male) |
| 6:49 | Queue | Villager (Male) |
| 6:49 | Queue | Villager (Male) |
| 6:50 | Queue | Villager (Male) |
| 6:50 | Queue | Villager (Male) |
| 6:50 | Queue | Villager (Male) |
| 6:59 | Queue | Villager (Male) |
| 6:59 | Queue | Villager (Male) |
| 7:15 | Build | Mill |
| 7:20 | Build | House |
| 7:26 | Queue | Villager (Male) |
| 7:55 | Queue | Villager (Male) |
| 8:00 | Build | Mill |
| 8:06 | Queue | Villager (Male) |
| 8:52 | Build | Farm |
| 8:53 | Build | Farm |
| 8:54 | Build | Farm |
| 8:54 | Queue | Villager (Male) |
| 9:17 | Research | Feudal Age |
| 9:37 | Build | Palisade Wall |
| 10:49 | Queue | Villager (Male) |
| 10:52 | Build | House |
| 10:54 | Build | Palisade Wall |
| 11:24 | Build | House |
| 11:29 | Age | Feudal Age |
| 11:45 | Build | Blacksmith |
| 11:57 | Build | Mining Camp |
| 12:00 | Build | Farm |
| 12:09 | Queue | Villager (Male) |
| 12:20 | Build | Market |
| 13:09 | Research | Castle Age |
| 14:07 | Build | Barracks |
| 15:03 | Build | Stable |
| 15:35 | Build | Lumber Camp |
| 15:49 | Age | Castle Age |
| 16:02 | Queue | Knight |
| 16:02 | Queue | Knight |
| 16:10 | Queue | Villager (Male) |
| 16:16 | Build | House |
| 16:26 | Queue | Villager (Male) |
| 16:44 | Queue | Knight |
| 17:01 | Queue | Knight |
| 17:02 | Queue | Villager (Male) |
| 17:07 | Build | Monastery |
| 17:30 | Queue | Villager (Male) |
| 17:44 | Queue | Knight |
| 18:19 | Queue | Villager (Male) |
| 18:21 | Build | Siege Workshop |
| 18:46 | Queue | Scorpion |
| 18:47 | Queue | Scorpion |
| 18:49 | Build | House |
| 18:53 | Build | Palisade Wall |
| 19:07 | Queue | Knight |
| 19:07 | Queue | Knight |
| 19:10 | Queue | Monk |
| 19:10 | Queue | Monk |
| 19:10 | Queue | Monk |
| 20:02 | Queue | Knight |
| 20:02 | Queue | Knight |
| 20:02 | Queue | Knight |
| 20:17 | Queue | Scorpion |
| 20:52 | Queue | Monk |
| 20:58 | Build | House |
| 21:01 | Queue | Knight |
| 21:01 | Queue | Knight |
| 22:54 | Build | Lumber Camp |
| 23:10 | Build | Siege Workshop |
| 23:17 | Queue | Knight |
| 23:18 | Queue | Knight |
| 24:21 | Queue | Mangonel |
| 25:44 | Queue | Scorpion |
| 25:49 | Build | Palisade Wall |
| 26:09 | Queue | Scorpion |
| 27:08 | Queue | Scorpion |
| 28:05 | Queue | Mangonel |
| 28:10 | Queue | Villager (Male) |
| 28:10 | Queue | Villager (Male) |
| 28:10 | Queue | Villager (Male) |
| 29:02 | Build | Lumber Camp |
| 29:10 | Queue | Villager (Male) |
| 29:45 | Queue | Monk |
| 29:53 | Queue | Villager (Male) |
Match timeline
| 5:32 | UL_King_Kerotaros · wall_segment Palisade Wall x1 |
| 5:58 | UL_King_Kerotaros · wall_segment Palisade Wall x1 |
| 6:00 | UL_King_Kerotaros · wall_segment Palisade Wall x1 |
| 6:58 | UL_King_Kerotaros · first_building Barracks |
| 9:37 | eduv · wall_segment Palisade Wall x1 |
| 10:44 | UL_King_Kerotaros · age_up feudal |
| 10:50 | UL_King_Kerotaros · first_building Archery Range |
| 10:54 | eduv · wall_segment Palisade Wall x1 |
| 11:29 | eduv · age_up feudal |
| 13:04 | eduv · first_market_sell 100 stone |
| 14:07 | eduv · first_building Barracks |
| 15:03 | eduv · first_building Stable |
| 15:27 | UL_King_Kerotaros · wall_segment Stone Wall x1 |
| 15:28 | UL_King_Kerotaros · wall_segment Stone Wall x1 |
| 15:29 | UL_King_Kerotaros · wall_segment Stone Wall x1 |
| 15:30 | UL_King_Kerotaros · wall_segment Stone Wall x1 |
| 15:49 | eduv · age_up castle |
| 16:59 | eduv · first_market_buy 100 food |
| 17:07 | eduv · first_building Monastery |
| 18:21 | eduv · first_building Siege Workshop |
| 18:53 | eduv · wall_segment Palisade Wall x3 |
| 21:35 | UL_King_Kerotaros · wall_segment Stone Wall x1 |
| 21:36 | UL_King_Kerotaros · wall_segment Stone Wall x1 |
| 21:36 | UL_King_Kerotaros · wall_segment Stone Wall x1 |
| 23:36 | UL_King_Kerotaros · wall_segment Palisade Wall x7 |
| 24:03 | UL_King_Kerotaros · wall_segment Palisade Wall x1 |
| 25:49 | eduv · wall_segment Palisade Wall x2 |
| 27:19 | UL_King_Kerotaros · wall_segment Stone Wall x1 |
| 27:19 | UL_King_Kerotaros · wall_segment Stone Wall x1 |
| 27:20 | UL_King_Kerotaros · wall_segment Stone Wall x1 |
| 27:21 | UL_King_Kerotaros · wall_segment Stone Wall x1 |
| 27:21 | UL_King_Kerotaros · wall_segment Stone Wall x1 |
| 27:22 | UL_King_Kerotaros · wall_segment Stone Wall x2 |
| 27:23 | UL_King_Kerotaros · wall_segment Stone Wall x1 |
| 27:41 | UL_King_Kerotaros · first_market_buy 100 food |
| 27:43 | UL_King_Kerotaros · first_market_sell 100 wood |
| 30:44 | UL_King_Kerotaros · age_up castle |
| 30:52 | eduv · resign |
[ AI ANALYSIS · 1 CREDIT ]
What really happened in this match?
Wolo.gg analyzes every decision: build order, eco, micro, common mistakes by bracket. Personalized analysis on WhatsApp or Discord in 30 seconds.
Civ guide
Teutons
Perfil
UL_King_Kerotaros